 Dungeon Crawl Stone Soup version 0.29-a0-334-gb41bcbb86e (webtiles) character file.

Game seed: 13358276206163508502

256 spaghetti the Covered (level 6, 0/56 HPs)
             Began as a Naga Fighter on Apr 13, 2022.
             Was a Believer of Makhleb.
             Slain by a goblin
             ... wielding a +0 club
             ... led by Robin
              (2 damage)
             ... on level 3 of the Dungeon.
             The game lasted 00:04:26 (3020 turns).

spaghetti the Covered (Naga Fighter)                Turns: 3020, Time: 00:04:27

Health: 0/56       AC:  7    Str: 20    XL:     6   Next: 15%
Magic:  9/9        EV:  7    Int: 15    God:    Makhleb [**....]
Gold:   85         SH:  0    Dex: 10    Spells: 5/5 levels left

rFire   . . .      SeeInvis +   a - +0 flail {mace}
rCold   . . .      Faith    .   c - +0 buckler
rNeg    . . .      Spirit   .   b - +0 scale mail
rPois   +          Reflect  .   q - +0 helmet
rElec   .          Harm     .   (no cloak)
rCorr   .          Rampage  .   (no gloves)
Will    .....                   (no barding)
Stlth   ..........              (no amulet)
HPRegen 0.18/turn               s - +6 ring of intelligence
MPRegen 0.11/turn               i - ring of wizardry

@: confused, mighty, ambrosia-drunk, very slow
A: AC +2, large, see invisible, deformed body, poison resistance, slowness 2,
spit poison 1, naga tail 1
a: Spit Poison, Renounce Religion, Minor Destruction


You were on level 3 of the Dungeon.
You worshipped Makhleb.
Makhleb was pleased with you.
You visited 1 branch of the dungeon, and saw 3 of its levels.

You collected 85 gold pieces.


Innate Abilities, Weirdness & Mutations

Your serpentine skin is tough. (AC +2)
You have supernaturally acute eyesight. (SInv)
Armour fits poorly on your strangely shaped body.
Your system is resistant to poisons. (rPois)
You cover ground very slowly.
You can spit poison.
You have a snake-like lower body.


   Skills:
 - Level 3.0 Fighting
 - Level 2.0 Maces & Flails
 + Level 4.5 Armour
 - Level 2.4 Shields
 + Level 4.0 Invocations


You had 5 spell levels left.
You didn't know any spells.
Your spell library contained the following spells:

 Spells                   Type           Power      Damage    Failure   Level
 Dazzling Flash           Conj/Hex       0%         N/A       69%         3
 Agony                    Necr           0%         N/A       100%        5
 Silence                  Hex/Air        0%         N/A       100%        5

Inventory:

Hand Weapons
 a - a +0 flail (weapon) {mace}
Missiles
 h - 118 stones (quivered) {throwing}
Armour
 b - a +0 scale mail (worn)
 c - a +0 buckler (worn)
 q - a +0 helmet (worn)
   (You found it on level 2 of the Dungeon)
Jewellery
 i - a ring of wizardry (right hand)
   (You found it on level 1 of the Dungeon)
 s - a +6 ring of intelligence (left hand)
   (You found it on level 3 of the Dungeon)
Scrolls
 e - 5 scrolls of teleportation {@r4}
 g - 2 scrolls of magic mapping {!r}
 j - a scroll of enchant armour
 k - a scroll of noise {!r}
 l - 2 scrolls of fog {unknown}
 m - a scroll of vulnerability {unknown}
 n - a scroll of brand weapon {unknown}
 p - a scroll of fear {unknown}
 t - a scroll of enchant weapon {unknown}
Potions
 d - 2 potions of might
 o - a potion of invisibility
 r - a potion of curing {unknown}

Dungeon Overview and Level Annotations

Branches:
Dungeon (3/15)

Altars:
Makhleb

Shops:
D:1 (

Annotations:
D:3 Robin

......(..#
.
.....(...
####..
.........
......
........
....#.
##...(.##
.....#
#....(g.#
......
##...gggg#
....#
$....gg@g#
....#
##....gg##
#####
#.......#
#.......#
####
#.......#
...#
##......##
..^#
##..#...##
...#
#........#
...#
#........#


You could see Robin, 4 hobgoblins and 5 goblins.


Message History

The hobgoblin completely misses you. 😕 HP[-6]
You take 6 damage, and now have 50/56 hp.
Unknown command.
You feel very mighty all of a sudden.
The hobgoblin shouts! x2
The goblin hits you but does no damage. The rat bites you but does no damage.
The hobgoblin closely misses you.
A goblin comes into view. It is wielding a +0 dagger.
The hobgoblin barely misses you.
Unknown command.
Unknown command.
You completely miss the goblin.
Robin roars a battlecry!
The goblins go into a battle-frenzy!
The goblin barely misses you. You block the rat's attack.
The hobgoblin barely misses you.
The hobgoblin hits you but does no damage.
You closely miss the goblin. The goblin hits you but does no damage.
The rat barely misses you.
A goblin comes into view. It is wielding a +0 dagger.
You block the hobgoblin's attack.
The hobgoblin hits you but does no damage.
You thump the rat!
You kill the rat!
Makhleb accepts your kill. The goblin closely misses you.
The hobgoblin hits you but does no damage.
The hobgoblin barely misses you. The goblin hits you with a +0 club.
The hobgoblin hits you.
The hobgoblin hits you but does no damage. 😕 HP[-3]
You take 3 damage, and now have 47/56 hp.
You completely miss the hobgoblin. Robin throws the goblin at you!
The goblin hits you with a +0 club. The hobgoblin hits you.
You block the goblin's attack. The goblin hits you with a +0 dagger.
The hobgoblin hits you.
The hobgoblin hits you but does no damage. 😮 HP[-17]
You take 17 damage, and now have 30/56 hp.
MASSIVE DAMAGE!! (PAUSE) Unknown command.
It was a potion of ambrosia.
You are confused.
You feel invigorated. The goblin hits you but does no damage.
The goblin hits you with a +0 club. The hobgoblin closely misses you.
The goblin barely misses you. The goblin hits you with a +0 dagger.
* * * LOW HITPOINT WARNING * * *
The hobgoblin hits you but does no damage. x2 😨 HP[-4]
You take 4 damage, and now have 26/56 hp.
Unknown command.
You miss the goblin. The goblin hits you with a +0 club. x2
* * * LOW HITPOINT WARNING * * *
The hobgoblin closely misses you. The goblin hits you with a +0 dagger.
* * * LOW HITPOINT WARNING * * *
The goblin hits you with a +0 dagger.
* * * LOW HITPOINT WARNING * * *
The hobgoblin hits you but does no damage.
The hobgoblin hits you.
* * * LOW HITPOINT WARNING * * *
😨 HP[-8]
You take 8 damage, and now have 18/56 hp.
Unknown command.
Unknown command.
You are too confused!
You hit the hobgoblin.
You kill the hobgoblin!
Makhleb accepts your kill. The goblin hits you but does no damage.
The goblin hits you with a +0 club.
* * * LOW HITPOINT WARNING * * *
The hobgoblin hits you.
* * * LOW HITPOINT WARNING * * *
The goblin hits you with a +0 dagger.
* * * LOW HITPOINT WARNING * * *
The hobgoblin hits you.
* * * LOW HITPOINT WARNING * * *
The goblin hits you with a +0 club.
* * * LOW HITPOINT WARNING * * *
The goblin hits you with a +0 dagger.
* * * LOW HITPOINT WARNING * * *
The goblin barely misses you. The hobgoblin barely misses you.
The goblin hits you but does no damage. x2; The hobgoblin closely misses you.
Your Invocations skill increases to level 4! 😱 HP[-13]
You take 13 damage, and now have 5/56 hp.
MASSIVE DAMAGE!! (PAUSE) Unknown command.
Unknown command.
You are too confused!
Unknown command.
Unknown command.
You closely miss the hobgoblin.
Robin says, "Feeling lonely?"
Robin hits you with a +0 mace.
* * * LOW HITPOINT WARNING * * *
The goblin hits you but does no damage. The goblin hits you with a +0 club.
* * * LOW HITPOINT WARNING * * *
The goblin hits you with a +0 club.
You die...

Skill      XL: |  1  2  3  4  5  6 |
---------------+-------------------+-----
Armour         | 3 4 |  4.5
Invocations    | 1 2 3 4 |  4.0
Fighting       | |  3.0
Maces & Flails | |  2.0
Shields        | |  2.4

Action                   |  1- 3 |  4- 6 || total
-------------------------+-------+-------++-------
Melee: Flail             |    95 |    91 ||   186
Throw: Stone             |    23 |    27 ||    50
 Abil: Spit Poison       |     8 |     7 ||    15
  Use: Scroll            |     4 |       ||     4
       Potion            |     2 |     2 ||     4
Armor: Scale mail        |    44 |    64 ||   108
Dodge: Dodged            |    48 |    58 ||   106
Block: Buckler           |    20 |    26 ||    46

Levels and vault maps discovered:
D:1:      wander_arrival_lonely_grave, layout_basic, serial_shops,
          nicolae_shop_bloodbath_and_beyond, hellmonk_ecumenical_altar_run_dry
D:2:      layout_rooms, serial_bayou_ford_a
D:3:      layout_rooms, uniq_robin

Notes
Turn   | Place    | Note
-------+----------+-------------------------------------------
     0 | D:1      | spaghetti the Naga Fighter began the quest for the Orb.
     0 | D:1      | Reached XP level 1. HP: 21/21 MP: 1/1
    19 | D:1      | magus.rc [v1.9.6]
   471 | D:1      | Reached XP level 2. HP: 25/28 MP: 2/2
   545 | D:1      | Reached skill level 3 in Armour
   578 | D:1      | Found Yheodui's Weapon Boutique.
   654 | D:1      | You pick up a book of the Senses and begin reading...
   654 | D:1      | You add the spells Dazzling Flash, Agony and Silence to
                  | your library.
   778 | D:1      | Found a faded altar of an unknown god.
   941 | D:1      | Prayed at the altar of an unknown god.
   941 | D:1      | Became a worshipper of Makhleb the Destroyer
   941 | D:1      | Reached * piety under Makhleb
  1326 | D:2      | Reached XP level 3. HP: 34/34 MP: 3/3
  1405 | D:2      | Reached skill level 1 in Invocations
  1825 | D:2      | HP: 6/34 [worm (4)]
  2221 | D:3      | Reached XP level 4. HP: 34/42 MP: 5/5
  2232 | D:3      | Reached skill level 2 in Invocations
  2290 | D:3      | Noticed a scorpion
  2301 | D:3      | Killed a scorpion
  2302 | D:3      | Reached XP level 5. HP: 44/49 MP: 5/7
  2349 | D:3      | Reached skill level 4 in Armour
  2373 | D:3      | Reached skill level 3 in Invocations
  2649 | D:3      | Reached XP level 6. HP: 55/56 MP: 8/8
  2706 | D:3      | Reached ** piety under Makhleb
  3011 | D:3      | Noticed Robin
  3019 | D:3      | HP: 13/56 [goblin/+0 dagger[Robin] (5)]
  3019 | D:3      | HP: 6/56 [goblin/+0 club[Robin] (1)]
  3020 | D:3      | Reached skill level 4 in Invocations
  3020 | D:3      | HP: 2/56 [goblin/+0 club[Robin] (4)]
  3020 | D:3      | Slain by a goblin

Vanquished Creatures
  2 scorpions (D:3)
  An orc wizard (D:3)
  3 gnolls
  2 adders (D:3)
  A worm (D:2)
  5 orcs (D:3)
  6 endoplasms
  2 giant cockroaches (D:3)
  2 goblins
  6 hobgoblins
  3 jackals (D:3)
  4 kobolds
  3 quokkas (D:1)
  7 ball pythons
  4 bats (D:2)
  3 frilled lizards
  3 rats
57 creatures vanquished.

Vanquished Creatures (others)
  3 plants (D:2)
3 creatures vanquished.

Grand Total: 60 creatures vanquished

Table legend:
 A = Non-vault XP
 B = Vault XP
 C = Vault XP percentage of total XP
 D = Non-vault monster count
 E = Vault monster count
 F = Vault count percentage of total count
                 A         B        C        D         E       F
            +---------+---------+-------+---------+---------+-------
      Total |     362 |       4 |   1.1 |      55 |       2 |   3.5
            +---------+---------+-------+---------+---------+-------
        D:1 |      17 |       0 |   0.0 |      10 |       0 |   0.0
        D:2 |      57 |       0 |   0.0 |      18 |       0 |   0.0
        D:3 |     288 |       4 |   1.4 |      27 |       2 |   6.9
            +---------+---------+-------+---------+---------+-------

Illustrated notes

Table legend:
 A = Kills in this place as a percentage of kills in entire the game.
 B = Kills by you in this place as a percentage of kills by you in the entire game.
 C = Kills by friends in this place as a percentage of kills by friends in the entire game.
 D = Other kills in this place as a percentage of other kills in the entire game.
 E = Experience gained in this place as a percentage of experience gained in the entire game.
 F = Experience gained in this place divided by the number of levels of this place that you have seen.
                   A       B       C       D       E      F
               +-------+-------+-------+-------+-------+----------------------
         Total | 100.0 | 100.0 |   N/A |   N/A | 100.0 | 122.0
       Dungeon | 100.0 | 100.0 |   N/A |   N/A | 100.0 | 122.0
               +-------+-------+-------+-------+-------+----------------------

Table legend: (Time is in decaauts)
 A = Elapsed time spent in this place.
 B = Non-inter-level travel time spent in this place.
 C = Inter-level travel time spent in this place.
 D = Time resting spent in this place.
 E = Time spent auto-exploring this place.
 F = Levels seen in this place.
 G = Mean time per level.
                   A        B        C        D        E       F      G
               +--------+--------+--------+--------+--------+-----+--------+
         Total |   3561 |   3444 |    117 |    999 |   1924 |   3 | 1187.0 |
       Dungeon |   3561 |   3444 |    117 |    999 |   1924 |   3 | 1187.0 |
               +--------+--------+--------+--------+--------+-----+--------+

Top non-repeatable levels by time:
     D:2: 1437 daAuts
     D:1: 1181 daAuts
     D:3: 942 daAuts
